 Dungeon Crawl Stone Soup version 0.29.1-12-g30fa7ad0bf (webtiles) character file.

Game seed: 1088890613894888043

4 hawla the Firebug (level 1, -1/14 HPs)
             Began as a Meteoran Fire Elementalist on Jan 13, 2023.
             Slain by an adder (4 damage)
             ... on level 2 of the Dungeon.
             The game lasted 00:00:41 (79 turns).

hawla the Firebug (Meteoran Fire Elementalist)        Turns: 79, Time: 00:00:41

Health: -1/14      AC:  2    Str:  9    XL:     1   Next: 85%
Magic:  2/5        EV: 12    Int: 16    God:
Gold:   17         SH:  0    Dex: 14    Spells: 4/5 levels left

rFire   . . .      SeeInvis .   (no weapon)
rCold   . . .      Faith    .   (no shield)
rNeg    . . .      Spirit   .   a - +0 robe
rPois   .          Reflect  .   (no helmet)
rElec   .          Harm     .   (no cloak)
rCorr   .          Rampage  .   (no gloves)
Will    .....                   (no boots)
Stlth   +.........              (no amulet)
HPRegen 0.04/turn               (no ring)
MPRegen 0.09/turn               (no ring)

@: lethally poisoned (-1 -> -2), glowing
A: sense surroundings 1, otherworldly, glowing, explore regen
a: no special abilities


You were on level 2 of the Dungeon.
You visited 1 branch of the dungeon, and saw 2 of its levels.

You collected 17 gold pieces.

Inventory:

Armour
 a - a +0 robe (worn)
Potions
 b - a potion of magic
 c - a potion of haste {unknown}


   Skills:
 + Level 2.4 Dodging
 - Level 1.4 Stealth
 + Level 2.8 Spellcasting
 + Level 1.2 Conjurations
 + Level 3.8 Fire Magic


You had 4 spell levels left.
You knew the following spells:

 Your Spells              Type           Power      Damage    Failure   Level
a - Foxfire               Conj/Fire      40%        2x1d6     7%          1

Your spell library contained the following spells:

 Spells                   Type           Power      Damage    Failure   Level
 Scorch                   Fire           28%        2d6       6%          2
 Conjure Flame            Conj/Fire      10%        6-21      21%         3
 Inner Flame              Hex/Fire       8%         N/A       26%         3
 Flame Wave               Conj/Fire      10%        2d6       54%         4


Dungeon Overview and Level Annotations

Branches:
Dungeon (2/15) Zot: 1120

Altars:


Innate Abilities, Weirdness & Mutations

You passively map a small area around you.
You are easily found by Zot.
You glow in the dark.
You regain HP and MP as you explore.


Message History

Your foxfire dissipates!
c - a green potion
Found two stone staircases leading down.
Magic restored.
There is a stone staircase leading down here.
You climb downwards.
There is a stone staircase leading up here.
An adder comes into view.
The adder hisses angrily.
Casting: Foxfire (safe; 7% risk of failure)
Confirm with . or Enter, or press ? or * to list all spells.
You don't know that spell.
The adder bites you. The adder attacks as you move away!
The adder bites you but does no damage.
Casting: Foxfire (safe; 7% risk of failure)
Confirm with . or Enter, or press ? or * to list all spells.
You conjure some foxfire!
The adder bites you.
You closely miss the adder.
The foxfire hits the adder.
The adder is moderately wounded.
The adder barely misses you. The adder bites you.
You are poisoned.
The adder poisons you!
Casting: Foxfire (safe; 7% risk of failure)
Confirm with . or Enter, or press ? or * to list all spells.
You conjure some foxfire!
You feel sick. The adder barely misses you.
You are too injured to fight recklessly!
You hit the adder.
The adder is moderately wounded.
You feel sick.
The foxfire hits the adder.
The adder is heavily wounded.
The adder barely misses you.
Casting: Foxfire (safe; 7% risk of failure)
Confirm with . or Enter, or press ? or * to list all spells.
You conjure some foxfire!
You feel sick. The adder misses you.
You miss the adder.
The adder is heavily wounded.
You feel sick.
The foxfire hits the adder.
The adder is severely wounded.
The adder bites you.
You die...

* , * ,
, * , ,
* * * ,
* * **
*
######
#@S..#,
* * *
#.##.#
, #.#
.# , ,
#.# .#,
* , #<#
.# *, ,
,
***###
.# , *
, ,,
,.#, *
## * *
, ,,


You could see an adder.

Vanquished Creatures
  A dart slug (D:1)
  A quokka (D:1)
2 creatures vanquished.

Vanquished Creatures (others)
  14 foxfires
14 creatures vanquished.

Grand Total: 16 creatures vanquished

Notes
Turn   | Place    | Note
-------+----------+-------------------------------------------
     0 | D:1      | hawla the Meteoran Fire Elementalist began the quest for
                  | the Orb.
     0 | D:1      | Reached XP level 1. HP: 14/14 MP: 5/5
     6 | D:1      | Found a faded altar of an unknown god.
    79 | D:2      | Slain by an adder

Illustrated notes

Levels and vault maps discovered:
D:1:      roderic_crossed_star, layout_loops_cross,
          ebering_ecumenical_altar_mist, minmay_misc_feat_tiny
D:2:      layout_basic

Action                   || total
-------------------------++-------
Melee: Unarmed           ||     6
 Cast: Foxfire           ||     9
Armor: Robe              ||     1
Dodge: Dodged            ||     7
